 Dungeon Crawl Stone Soup version 0.26-a0-812-g31a745ddcd (webtiles) character file.

Game seed: 10685553608279548823

440 graki42 the Conjurer (level 6, -3/32 HPs)
             Began as a Deep Elf Conjurer on Nov 16, 2020.
             Slain by a centaur
             ... wielding a cursed +0 shortbow
              (8 damage)
             ... on level 4 of the Dungeon.
             The game lasted 00:10:22 (3173 turns).

graki42 the Conjurer (Deep Elf Conjurer)            Turns: 3173, Time: 00:10:23

Health: -3/32      AC:  2    Str:  6    XL:     6   Next: 70%
Magic:  16/16      EV: 13    Int: 23    God:
Gold:   151        SH:  0    Dex: 13    Spells: 2/15 levels left

rFire    + . .     SeeInvis .   (no weapon)
rCold    . . .     Faith    .   (no shield)
rNeg     . . .     Spirit   .   a - +0 robe
rPois    .         Reflect  .   (no helmet)
rElec    .         Harm     .   (no cloak)
rCorr    .         Rampage  .   (no gloves)
MR       +....                  (no boots)
Stlth    ++........             (no amulet)
HPRegen  0.10/turn              g - ring of protection from fire
MPRegen  0.15/turn              k - ring of protection from magic

@: no status effects
A: no striking features
a: no special abilities


You were on level 4 of the Dungeon.
You visited 1 branch of the dungeon, and saw 4 of its levels.

You collected 151 gold pieces.

Inventory:

Armour
 a - a +0 robe (worn)
Jewellery
 g - a ring of protection from fire (left hand)
 i - an uncursed ring of flight
 k - a ring of protection from magic (right hand)
 t - a cursed +6 ring of intelligence
Wands
 q - a wand of paralysis (6)
 s - a wand of iceblast (13)
Scrolls
 b - a scroll of amnesia {unknown}
 c - 2 scrolls of enchant armour {unknown}
 e - a scroll of immolation {unknown}
 h - 3 scrolls of identify {unknown}
 m - 2 scrolls of teleportation {unknown}
 o - a scroll of fear {unknown}
 r - 2 scrolls of remove curse {unknown}
Potions
 d - a potion of invisibility {unknown}
 f - a potion of resistance {unknown}
 j - a potion of ambrosia {unknown}
 l - a potion of mutation {unknown}
 n - 3 potions of attraction {unknown}
 p - 2 potions of heal wounds {unknown}
 u - a potion of cancellation {unknown}


   Skills:
 + Level 2.9 Dodging
 - Level 3.0 Stealth
 + Level 5.4 Spellcasting
 + Level 6.8 Conjurations
 * Level 2.8 Hexes
 * Level 2.0 Translocations


You had 2 spell levels left.
You knew the following spells:

 Your Spells              Type           Power        Failure   Level
a - Magic Dart            Conj           ####         1%          1
b - Searing Ray           Conj           #####.       1%          2
c - Fulminant Prism       Conj/Hex       ####......   12%         4
d - Iskenderun's Mystic   Conj/Tloc      ####....     14%         4
e - Blink                 Tloc           N/A          6%          2

Your spell library contained the following spells:

 Spells                   Type           Power        Failure   Level
 Corona                   Hex            ###....      2%          1
 Apportation              Tloc           ###...       4%          1
 Slow                     Hex            ###.....     4%          2
 Animate Skeleton         Necr           #.....       9%          1
 Summon Small Mammal      Summ           #...         9%          1
 Call Imp                 Summ           #.......     14%         2
 Dazzling Flash           Conj/Hex       ####..       3%          3
 Conjure Flame            Conj/Fire      ###.....     7%          3
 Mephitic Cloud           Conj/Pois/Air  ###.....     11%         3


Dungeon Overview and Level Annotations

Branches:
Dungeon (4/15)
 Temple: D:4-7

Altars:
Okawaru


Message History

Magic restored.
p - 2 emerald potions (gained 1)
You see here a scythe.
You now have 151 gold pieces (gained 15).
A centaur comes into view.
The centaur shouts!
The centaur wields a cursed +0 shortbow.
The centaur shoots an arrow.
The arrow hits you.
The centaur shoots an arrow.
The arrow hits you!
You see here an arrow.
The centaur shoots an arrow.
The arrow hits you!
The centaur shoots an arrow.
The arrow misses you.
Found a wooden ring.
You see here 2 arrows.
The centaur shoots an arrow.
The arrow misses you.
The centaur shoots an arrow.
The arrow hits you!
* * * LOW HITPOINT WARNING * * *
You see here an arrow.
The centaur hits you with a cursed +0 shortbow!
You die...

........ .......#
#..#<####.#
#......##.#
##.#.#.##.#
.###.#.#.##.# ##+##
............###...##
####..).....##.....##
#.#.#.##.#(.(@c..#
###.....##.(........#
.....................+
####......#.........=#
#.#....#.#!......##
#.##.###.##.....## #.
#.# #.###...## #. ...
..# ##+## ##.# ###


You could see a centaur.

Vanquished Creatures
  Grinder (D:3)
  A phantom (D:1)
  Ijyb (D:3)
  Jessica (D:3)
  3 adders
  2 oozes
  2 worms (D:2)
  2 leopard geckos
  2 giant cockroaches
  5 goblins
  11 hobgoblins
  4 jackals (D:2)
  8 kobolds
  3 quokkas
  A ball python (D:2)
  5 bats
  4 frilled lizards
  12 rats
68 creatures vanquished.

Notes
Turn   | Place    | Note
-------+----------+-------------------------------------------
     0 | D:1      | graki42 the Deep Elf Conjurer began the quest for the Orb.
     0 | D:1      | Reached XP level 1. HP: 10/10 MP: 6/6
   265 | D:1      | Reached XP level 2. HP: 15/15 MP: 1/8
   269 | D:1      | Learned a level 2 spell: Searing Ray
   536 | D:1      | Reached skill level 5 in Conjurations
   844 | D:2      | Reached XP level 3. HP: 19/19 MP: 1/9
  1152 | D:2      | Noticed a phantom
  1889 | D:2      | Reached XP level 4. HP: 24/24 MP: 3/11
  1896 | D:2      | Learned a level 4 spell: Fulminant Prism
  2113 | D:3      | Found an iron altar of Okawaru.
  2140 | D:3      | Noticed Ijyb
  2144 | D:3      | Paralysed by Ijyb for 5 turns
  2153 | D:3      | Killed Ijyb
  2270 | D:3      | Reached skill level 6 in Conjurations
  2423 | D:3      | Reached skill level 1 in Hexes
  2520 | D:3      | Learned a level 4 spell: Iskenderun's Mystic Blast
  2778 | D:3      | Noticed Grinder
  2778 | D:3      | Noticed Jessica
  2807 | D:3      | Killed Jessica
  2807 | D:3      | Reached XP level 5. HP: 28/28 MP: 10/13
  2858 | D:3      | Killed Grinder
  2858 | D:3      | Reached skill level 5 in Spellcasting
  2858 | D:3      | Reached skill level 1 in Translocations
  2858 | D:3      | Reached XP level 6. HP: 32/32 MP: 5/15
  2937 | D:3      | Learned a level 2 spell: Blink
  3173 | D:4      | Slain by a centaur

Illustrated notes

Levels and vault maps discovered:
D:1:      wander_arrival_abandoned_jail, layout_basic
D:2:      layout_loops_ring, minmay_misc_feat_tiny
D:3:      layout_basic, okawaru_gym_becter, uniq_grinder, uniq_jessica,
          uniq_ijyb
D:4:      layout_loops_corners

Skill      XL: |  1  2  3  4  5  6 |
---------------+-------------------+-----
Conjurations   | 5 6 |  6.8
Hexes          | 1 2 |  2.8
Spellcasting   | 4 5 |  5.4
Stealth        | 3 |  3.0
Translocations | 1 2 |  2.0
Dodging        | |  2.9

Action                   |  1- 3 |  4- 6 || total
-------------------------+-------+-------++-------
 Cast: Magic Dart        |    72 |    24 ||    96
       Searing Ray       |    11 |    11 ||    22
Armor: Robe              |       |     1 ||     1
Dodge: Dodged            |     9 |     6 ||    15

Table legend: (Time is in decaauts)
 A = Elapsed time spent in this place.
 B = Non-inter-level travel time spent in this place.
 C = Inter-level travel time spent in this place.
 D = Time resting spent in this place.
 E = Time spent auto-exploring this place.
 F = Levels seen in this place.
 G = Mean time per level.
                   A        B        C        D        E       F      G
               +--------+--------+--------+--------+--------+-----+--------+
         Total |   3174 |   3011 |    163 |    486 |   2094 |   4 |  793.5 |
       Dungeon |   3174 |   3011 |    163 |    486 |   2094 |   4 |  793.5 |
               +--------+--------+--------+--------+--------+-----+--------+

Top non-repeatable levels by time:
     D:2: 1329 daAuts
     D:1: 935 daAuts
     D:3: 883 daAuts
     D:4: 25 daAuts
